 Dungeon Crawl Stone Soup version 0.29.1-15-g9cfb28693d (webtiles) character file.

Game seed: 15604809901423952149

89 vishdafish the Grasshopper (level 4, 33/34 HPs)
             Began as a Demonspawn Warper on Feb 19, 2023.
             Quit the game on level 2 of the Dungeon on Mar 29, 2023.
             The game lasted 00:10:31 (2416 turns).

vishdafish the Grasshopper (Demonspawn Warper)      Turns: 2416, Time: 00:10:31

Health: 33/34      AC:  8    Str: 11    XL:     4   Next: 31%
Magic:  7/7        EV: 10    Int: 18    God:
Gold:   127        SH:  0    Dex: 13    Spells: 7/7 levels left

rFire   . . .      SeeInvis .   a - +0 falchion
rCold   . . .      Faith    .   (no shield)
rNeg    . . .      Spirit   .   n - +3 ring mail
rPois   .          Reflect  .   (no helmet)
rElec   .          Harm     .   (no cloak)
rCorr   .          Rampage  .   (no gloves)
Will    .....                   (no boots)
Stlth   +.........              (no amulet)
HPRegen 0.11/turn               (no ring)
MPRegen 0.10/turn               (no ring)

@: no status effects
A: demonic guardian 1, big brain 1
a: no special abilities


You were on level 2 of the Dungeon.
You visited 1 branch of the dungeon, and saw 2 of its levels.

You collected 127 gold pieces.

Inventory:

Hand Weapons
 a - a +0 falchion (weapon)
Missiles
 d - 6 boomerangs of dispersal (quivered)
 g - 6 boomerangs
Armour
 b - a +0 leather armour
 n - a +3 ring mail (worn)
Jewellery
 h - a ring of protection from fire
 o - a ring of wizardry
Scrolls
 c - a scroll of blinking
 f - a scroll of poison {unknown}
 i - 2 scrolls of identify {unknown}
Potions
 e - a potion of flight {unknown}
 j - a potion of brilliance {unknown}
 k - a potion of ambrosia {unknown}
 l - a potion of attraction {unknown}
 m - a potion of berserk rage {unknown}
 p - 2 potions of curing


   Skills:
 + Level 2.3 Fighting
 + Level 2.7 Long Blades
 + Level 1.0 Throwing
 + Level 2.0 Armour
 + Level 2.2 Dodging
 + Level 0.3 Stealth
 + Level 2.0 Spellcasting
 + Level 3.0 Translocations


You had 7 spell levels left.
You didn't know any spells.
Your spell library contained the following spells:

 Spells                   Type           Power      Damage    Failure   Level
 Blink                    Tloc           24%        N/A       19%         2
 Gell's Gravitas          Tloc           12%        N/A       34%         3
 Lesser Beckoning         Tloc           12%        N/A       34%         3
 Teleport Other           Tloc           12%        N/A       34%         3
 Manifold Assault         Tloc           12%        N/A       97%         5


Dungeon Overview and Level Annotations

Branches:
Dungeon (2/15)

Altars:


Innate Abilities, Weirdness & Mutations

A weak demonic guardian rushes to your aid.
You have an unusually large brain. (Int +2)


Message History

The dart slug is heavily wounded.
You slash the dart slug!
You kill the dart slug!
The rat barely misses you.
You hit the rat.
The rat is severely wounded.
The rat barely misses you.
You barely miss the rat.
The rat is severely wounded.
The rat barely misses you.
You closely miss the rat.
The rat is severely wounded.
The rat bites you but does no damage. The rat barely misses you.
You hit the rat.
You kill the rat!
No target in view!
You see here a rat corpse.
Found a stone staircase leading down.
You now have 127 gold pieces (gained 6).
Jessica the Apprentice Sorceress comes into view.
She is wielding a +0 club and wearing a +2 robe of cold resistance.
Jessica shouts!
Jessica is nearby!
Jessica hits you but does no damage.
You hit Jessica.
Jessica is severely wounded.
Jessica drinks a potion.
Jessica is healed!
You hit Jessica.
Jessica is heavily wounded.
Jessica gestures wildly while chanting.
Jessica blinks!
You hit Jessica but do no damage.
Jessica is heavily wounded.
Jessica hits you with a +0 club.
You hit Jessica.
You kill Jessica!
Your Armour skill increases to level 2!
You have reached level 4!
You feel agile.
Your demonic ancestry asserts itself...
You feel the presence of a demonic guardian.
Are you sure you want to abandon this character and quit the game? (Confirm with "yes".)

## #####.......#
.## ##[....## #.#
##<..## .## ##.##
## #.# # #.# ##.#
######### #.# ..#
........# #.#
##.#
########@###.##
##........)....#
#.........##.#.#
#..######.##.#
###.. #....#
.....### #.###.#
#....###.## #
#....##...##.#.
##
###.............#


There were no monsters in sight!

Vanquished Creatures
  Jessica (D:2)
  A worm (D:2)
  4 dart slugs
  3 orcs (D:2)
  4 endoplasms
  2 giant cockroaches (D:1)
  4 goblins (D:1)
  5 hobgoblins
  2 jackals (D:1)
  6 kobolds
  2 quokkas (D:1)
  2 ball pythons (D:1)
  3 bats (D:1)
  4 frilled lizards
  3 rats
46 creatures vanquished.

Vanquished Creatures (others)
  2 plants (D:1)
2 creatures vanquished.

Grand Total: 48 creatures vanquished

Notes
Turn   | Place    | Note
-------+----------+-------------------------------------------
     0 | D:1      | vishdafish the Demonspawn Warper began the quest for the
                  | Orb.
     0 | D:1      | Reached XP level 1. HP: 16/16 MP: 3/3
    26 | D:1      | Upgraded the game from 0.29.1-14-g9c671dbff4 to
                  | 0.29.1-15-g9cfb28693d
   202 | D:1      | Reached skill level 3 in Translocations
   282 | D:1      | Gained mutation: You have an unusually large brain. (Int
                  | +2) [demonic ancestry]
   282 | D:1      | Reached XP level 2. HP: 22/22 MP: 5/5
   343 | D:1      | Reached skill level 1 in Throwing
   346 | D:1      | Reached skill level 1 in Armour
  1020 | D:1      | Found a faded altar of an unknown god.
  1334 | D:1      | Reached XP level 3. HP: 27/27 MP: 6/6
  2410 | D:2      | Noticed Jessica
  2415 | D:2      | Killed Jessica
  2416 | D:2      | Gained mutation: A weak demonic guardian rushes to your
                  | aid. [demonic ancestry]
  2416 | D:2      | Reached XP level 4. HP: 33/34 MP: 7/7
  2416 | D:2      | Quit the game

Illustrated notes

Levels and vault maps discovered:
D:1:      eino_arrival_druids_welcome, layout_basic,
          dreamdust_ecumenical_altar_statues
D:2:      layout_loops_ring, uniq_jessica

Skill      XL: |  1  2  3 |
---------------+----------+-----
Translocations | 3 |  3.0
Throwing       | 1 |  1.0
Armour         | 1 2 |  2.0
Long Blades    | 2 |  2.7
Dodging        | 2 |  2.2
Fighting       | |  2.3
Stealth        | |  0.3
Spellcasting   | |  2.0

Action                   |  1- 3 |  4- 6 || total
-------------------------+-------+-------++-------
Melee: Falchion          |   164 |       ||   164
       Punch             |     2 |       ||     2
Throw: Boomerang         |     1 |       ||     1
Armor: Leather armour    |    18 |       ||    18
       Ring mail         |    35 |       ||    35
Dodge: Dodged            |    94 |       ||    94
